 Dungeon Crawl Stone Soup version 0.27-a0-1196-g3e9cee4cb2 (webtiles) character file.

Game seed: 7423683962371026952

1292 tilp the Caller (level 8, -3/60 HPs)
             Began as a Barachi Summoner on May 28, 2021.
             Splashed by an acid dragon's acid (11 damage)
             ... on level 6 of the Dungeon.
             The game lasted 00:14:19 (8436 turns).

tilp the Caller (Barachi Summoner)                  Turns: 8436, Time: 00:14:19

Health: -3/60      AC:  7    Str: 12    XL:     8   Next: 56%
Magic:  2/14       EV: 11    Int: 15    God:
Gold:   290        SH:  0    Dex: 13    Spells: 9/15 levels left

rFire    + . .     SeeInvis .   a - +1 trident (flame)
rCold    + . .     Faith    .   (no shield)
rNeg     . . .     Spirit   .   d - +0 ring mail
rPois    .         Reflect  .   m - +1 helmet
rElec    .         Harm     .   k - scarf {rC+ rF+}
rCorr    .         Rampage  .   (no gloves)
Will     .....                  (no boots)
Stlth    ++........             i - amulet of the acrobat
HPRegen  0.20/turn              j - ring of wizardry
MPRegen  0.14/turn              p - +4 ring of protection

@: corroded, slow
A: amphibious, slowness 1, strong legs 1, +LOS
a: Hop


You were on level 6 of the Dungeon.
You visited 1 branch of the dungeon, and saw 6 of its levels.

You collected 290 gold pieces.

Inventory:

Hand Weapons
 a - a +1 trident of flaming (weapon)
 b - a +0 vampiric spear
 o - a +0 trident of protection
 w - a +0 glaive
Missiles
 g - 8 silver boomerangs
 l - 19 poisoned darts (quivered)
 y - a throwing net
Armour
 d - a +0 ring mail (worn)
 k - a scarf of resistance (worn)
 m - a +1 helmet (worn)
Jewellery
 i - an amulet of the acrobat (around neck)
 j - a ring of wizardry (left hand)
 p - a +4 ring of protection (right hand)
 q - a +6 ring of dexterity
 C - a ring of protection from cold
Wands
 t - a wand of polymorph (7)
Scrolls
 c - a scroll of silence
 s - a scroll of fear
Potions
 e - a potion of brilliance
 f - a potion of resistance {unknown}
 h - a potion of flight {unknown}
 n - a potion of lignification
 r - a potion of invisibility
 x - 2 potions of curing
 z - a potion of ambrosia {unknown}


   Skills:
 - Level 4.0 Fighting
 + Level 5.3 Polearms
 - Level 4.0 Dodging
 - Level 4.0 Stealth
 - Level 4.0 Spellcasting
 + Level 7.5 Summonings


You had 9 spell levels left.
You knew the following spells:

 Your Spells              Type           Power      Damage    Failure   Level
a - Summon Small Mammal   Summ           100%       N/A       1%          1
b - Call Imp              Summ           25%        N/A       1%          2
c - Call Canine Familiar  Summ           25%        N/A       2%          3

Your spell library contained the following spells:

 Spells                   Type           Power      Damage    Failure   Level
 Summon Guardian Golem    Hex/Summ       14%        N/A       11%         3
 Freeze                   Ice            12%        1d4       16%         1
 Summon Ice Beast         Ice/Summ       14%        N/A       32%         4
 Summon Lightning Spire   Summ/Air       14%        N/A       32%         4
 Confusing Touch          Hex            3%         N/A       43%         3
 Frozen Ramparts          Ice            6%         1d2       43%         3
 Gell's Gravitas          Tloc           1%         N/A       43%         3
 Ozocubu's Armour         Ice            3%         N/A       43%         3
 Hailstorm                Conj/Ice       3%         3d3       82%         4
 Petrify                  Tmut/Erth      3%         N/A       82%         4
 Metabolic Englaciation   Hex/Ice        1%         N/A       98%         5
 Yara's Violent Unravell  Hex/Tmut       1%         3d3       98%         5


Dungeon Overview and Level Annotations

Branches:
Dungeon (6/15)             Temple (0/1) D:5

Altars:
Makhleb
Wu Jian
Xom

Annotations:
D:1 dig vault
D:3 exclusion: ogre


Innate Abilities, Weirdness & Mutations

You are amphibious.
You cover ground slowly.
You can hop short distances.
You have an extended range of vision and can be seen from far away.


Message History

Your hound closely misses the acid dragon.
Your crimson imp hits the acid dragon but does no damage.
The iguana bites your hound!
Your hound dies!
Your hound's corpse disappears in a puff of smoke!
The acid dragon bites your crimson imp!
Your crimson imp dies!
The acid dragon roars!
Unknown command.
You closely miss the acid dragon.
The acid dragon is heavily wounded.
Your crimson imp barely misses the acid dragon.
The acid dragon bites you!
* * * LOW HITPOINT WARNING * * *
The acid dragon claws you.
* * * LOW HITPOINT WARNING * * *
Unknown command.
Aiming: Polymorph
Press: ? - help, Shift-Dir - straight line, f/p - acid dragon
Aim: an acid dragon (heavily wounded, catching its breath, ally target, will become a swamp drake, a sky beast, or a wyvern, chance to affect: 46%)
Okay, then.
Unknown command.
You hit the acid dragon. You burn the acid dragon.
The acid dragon is almost dead.
A bullfrog comes into view.
The iguana barely misses you.
Your crimson imp hits the acid dragon.
The acid dragon closely misses your crimson imp. x2
Unknown command.
Unknown command.
You strike the helpless acid dragon from behind!
You hit the acid dragon. You burn the acid dragon.
The acid dragon is almost dead.
Your crimson imp barely misses the acid dragon.
The iguana bites you.
* * * LOW HITPOINT WARNING * * *
The acid dragon spits acid at you. The splash of acid hits you!
* * * LOW HITPOINT WARNING * * *
You are splashed with acid!
You die...

#.........#8..#...
########.........#....#..
.................#...#...
.................##.#.#)#
.........#####'.)).#.#.#.
.................#....#..
.................#...#...
........5........#8...#..
.......D@.........###+###
.......l.................
.........#######+#####+#.
.........# ... .........#
#.## ..F......# .....
.........# ### #.
.........# #. .........#
#.


You could see an acid dragon (catching breath, ally target), a bullfrog, an
iguana and a friendly crimson imp (summoned).

Vanquished Creatures
  A necrophage (D:5)
  An ogre (D:6)
  Blork the orc (D:5)
  A water moccasin zombie (D:6)
  A vampire bat (D:4)
  A bullfrog zombie (D:5)
  A jelly (D:4)
  A hound (D:4)
  A bullfrog skeleton (D:5)
  A hound skeleton (D:5)
  An adder (D:3)
  A gnoll (D:1)
  A white imp (D:5)
  An adder skeleton (D:4)
  A worm (D:3)
  A dart slug (D:3)
  3 fire bats (D:4)
  7 orcs
  4 ball pythons
  A bat skeleton (D:4)
  6 endoplasms
  5 giant cockroaches
  3 goblins
  2 hobgoblins
  7 jackals
  2 kobolds
  14 bats
  3 frilled lizards
  5 rats
78 creatures vanquished.

Vanquished Creatures (collateral kills)
  Sigmund (D:6)
  An ice beast (D:5)
  2 sky beasts (D:5)
  2 ogres
  A necrophage (D:5)
  A bullfrog (D:6)
  A scorpion (D:5)
  A water moccasin zombie (D:3)
  A jelly (D:5)
  2 orc priests
  A hound (D:4)
  4 orc wizards
  2 adders
  3 worms
  A dart slug (D:2)
  8 orcs
  2 spectral bats (D:4)
  4 bats
  2 bat skeletons (D:4)
  A bat zombie (D:4)
  An endoplasm (D:1)
  3 giant cockroaches (D:1)
  A hobgoblin (D:1)
  A jackal (D:2)
  4 kobolds
  2 quokkas
  4 ball pythons
  A bat simulacrum (D:4)
  5 frilled lizards (D:1)
  2 goblins
65 creatures vanquished.

Grand Total: 143 creatures vanquished

Notes
Turn   | Place    | Note
-------+----------+-------------------------------------------
     0 | D:1      | tilp the Barachi Summoner began the quest for the Orb.
     0 | D:1      | Reached XP level 1. HP: 13/13 MP: 3/3
   141 | D:1      | Reached skill level 1 in Fighting
   481 | D:1      | Reached XP level 2. HP: 20/22 MP: 1/5
   963 | D:1      | Reached XP level 3. HP: 29/29 MP: 3/6
  1137 | D:1      | Reached skill level 5 in Summonings
  1610 | D:2      | Learned a level 2 spell: Call Imp
  1614 | D:2      | Learned a level 3 spell: Call Canine Familiar
  1903 | D:2      | Found a shimmering altar of Xom.
  2344 | D:2      | Reached XP level 4. HP: 35/35 MP: 5/8
  2829 | D:2      | Found a faded altar of an unknown god.
  3454 | D:2      | Reached skill level 6 in Summonings
  3534 | D:3      | Reached XP level 5. HP: 29/41 MP: 4/9
  4058 | D:3      | Noticed an ogre
  4171 | D:3      | Found a burning altar of Makhleb.
  4210 | D:3      | Reached skill level 1 in Polearms
  4714 | D:4      | Reached XP level 6. HP: 44/47 MP: 5/10
  5391 | D:4      | Found an ornate altar of the Wu Jian Council.
  6554 | D:5      | Entered Level 5 of the Dungeon
  6568 | D:5      | Reached XP level 7. HP: 50/54 MP: 11/11
  7222 | D:5      | Noticed Blork the orc
  7233 | D:5      | Killed Blork the orc
  7234 | D:5      | Reached XP level 8. HP: 44/60 MP: 8/13
  7860 | D:5      | Found a staircase to the Ecumenical Temple.
  8064 | D:6      | Noticed Sigmund
  8096 | D:6      | Killed Sigmund
  8097 | D:6      | Reached skill level 7 in Summonings
  8220 | D:6      | Reached skill level 5 in Polearms
  8436 | D:6      | Splashed by an acid dragon's acid

Illustrated notes

Levels and vault maps discovered:
D:1:      moated_graveyard_arrival, layout_basic,
          chequers_serial_rivers_small_3, st_stairs_10, corner_web_ring,
          minmay_statues_item
D:2:      layout_loops_corners, shapermc_ecumenical_altar_mp_ritualfount,
          serial_forest, infiniplex_forest_end_2, infiniplex_forest_corner_1,
          infiniplex_forest_lined_2, infiniplex_forest_corner_1,
          infiniplex_forest_lined_2, infiniplex_forest_straight_2,
          infiniplex_forest_clump_large, basic_altar
D:3:      layout_rooms, nicolae_overflow_crystal_walls, serial_bayou_pond_e,
          palyth_stone_intersect
D:4:      layout_loops_ring, kennysheep_little_box, goddamned_bats
D:5:      layout_rooms, minmay_temple_entry_from_below_a, uniq_blork_the_orc
D:6:      layout_basic, minivault_1, uniq_sigmund

Skill      XL: |  1  2  3  4  5  6  7  8 |
---------------+-------------------------+-----
Fighting       | 1 3 4 |  4.0
Summonings     | 5 6 7 |  7.5
Spellcasting   | 3 4 |  4.0
Polearms       | 1 3 4 5 |  5.3
Stealth        | 2 4 |  4.0
Dodging        | 3 4 |  4.0

Action                   |  1- 3 |  4- 6 |  7- 9 || total
-------------------------+-------+-------+-------++-------
Melee: Whip              |    17 |       |       ||    17
       Unarmed           |    11 |       |       ||    11
       Flail             |    25 |       |       ||    25
       Spear             |   135 |   194 |     7 ||   336
       Trident           |       |    35 |   109 ||   144
Throw: Dart              |       |     6 |    11 ||    17
 Cast: Summon Small Mamm |    37 |       |       ||    37
       Call Imp          |     6 |    21 |    20 ||    47
       Call Canine Famil |       |    25 |    16 ||    41
 Abil: Hop               |       |     2 |       ||     2
  Use: Scroll            |       |     6 |     7 ||    13
       Potion            |       |     1 |       ||     1
 Stab: Distracted        |     2 |     1 |     2 ||     5
       Sleeping          |       |     3 |       ||     3
Armor: Robe              |    10 |       |       ||    10
       Leather armour    |    54 |       |       ||    54
       Ring mail         |    13 |    81 |    41 ||   135
Dodge: Dodged            |   130 |   175 |    45 ||   350

Table legend: (Time is in decaauts)
 A = Elapsed time spent in this place.
 B = Non-inter-level travel time spent in this place.
 C = Inter-level travel time spent in this place.
 D = Time resting spent in this place.
 E = Time spent auto-exploring this place.
 F = Levels seen in this place.
 G = Mean time per level.
                   A        B        C        D        E       F      G
               +--------+--------+--------+--------+--------+-----+--------+
         Total |   9191 |   8828 |    363 |   2385 |   4931 |   6 | 1531.8 |
       Dungeon |   9191 |   8828 |    363 |   2385 |   4931 |   6 | 1531.8 |
               +--------+--------+--------+--------+--------+-----+--------+

Top non-repeatable levels by time:
     D:4: 2424 daAuts
     D:2: 2008 daAuts
     D:1: 1679 daAuts
     D:3: 1355 daAuts
     D:5: 1275 daAuts
     D:6: 449 daAuts
